 Dungeon Crawl Stone Soup version 0.31-a0-237-g2d982f9f85 (webtiles) character file.

Game seed: 268890188742347884

130 qw the Shooter (level 5, -4/30 HPs)
             Began as a Gargoyle Hexslinger on July 10, 2023.
             Slain by Edmund
             ... wielding a +2 heavy dire flail
              (14 damage)
             ... on level 4 of the Dungeon.
             The game lasted 00:00:58 (2633 turns).

qw the Shooter (Gargoyle Hexslinger)                Turns: 2633, Time: 00:00:59

Health: -4/30      AC: 12    Str: 12    XL:     5   Next: 14%
Magic:  6/6        EV: 10    Int: 13    God:
Gold:   217        SH:  0    Dex: 14    Spells: 5/6 levels left

rFire   . . .        Y - +2 sling
rCold   . . .        (no shield)
rNeg    + . .        a - +0 ring mail
rPois   inf          p - +0 helmet
rElec   +            (no cloak)
rCorr   .            c - +0 pair of gloves
SInv    .            j - +0 pair of boots
Will    .....        (no amulet)
Stlth   +            (no ring)
HPRegen 0.25/turn    (no ring)
MPRegen 0.10/turn

%: no passive effects
@: no status effects
A: sickness immunity, AC +4, negative energy resistance 1, electricity
resistance, torment resistance 1, petrification resistance
a: no special abilities


You were on level 4 of the Dungeon.
You visited 1 branch of the dungeon, and saw 4 of its levels.

You collected 217 gold pieces.


Innate Abilities, Weirdness & Mutations

You are immune to sickness and miasma.
Your stone body is resilient. (AC +4)
You are immune to poison.
You resist negative energy. (rN+)
You are resistant to electric shocks. (rElec)
You are resistant to unholy torment.
You are immune to petrification.


   Skills:
 - Level 2.1 Fighting
 + Level 4.6 Ranged Weapons
 - Level 1.0 Armour
 - Level 1.5 Dodging
 - Level 1.0 Spellcasting
 - Level 2.6 Hexes


You had 5 spell levels left.
You knew the following spells:

 Your Spells              Type           Power      Damage    Failure   Level
a - Slow                  Hex            28%        N/A       22%         1

Your spell library contained the following spells:

 Spells                   Type           Power      Damage    Failure   Level
 Inner Flame              Hex/Fire       4%         N/A       73%         3
 Portal Projectile        Hex/Tloc       8%         N/A       73%         3
 Cause Fear               Hex            3%         N/A       91%         4

Inventory:

Hand Weapons
 Y - a +2 sling (weapon)
Armour
 a - a +0 ring mail (worn)
 c - a +0 pair of gloves (worn)
 e - the +1 leather armour "Jutacet" {rPois rF- Int+5 Dex-2}
   (You found it on level 4 of the Dungeon)

   Int:       It affects your intelligence (+5).
   Dex:       It affects your dexterity (-2).
   rF:        It makes you vulnerable to fire.
   rPois:     It protects you from poison.
 j - a +0 pair of boots (worn)
 p - a +0 helmet (worn)
Scrolls
 b - a scroll of identify
 i - a scroll of fog {unknown}
 l - 3 scrolls of teleportation
Potions
 d - a potion of enlightenment
 f - a potion of lignification {unknown}
 g - a potion of attraction {unknown}
 h - a potion of haste {unknown}
 m - a potion of mutation {unknown}
 n - 2 potions of curing

Dungeon Overview and Level Annotations

Branches:
Dungeon (4/15)
 Temple: D:4-7

Altars:
Ru
Xom

Annotations:
D:4 Edmund


Message History

Found a scroll of poison.
Enter note:
Enter note: You open the door.
A jelly comes into view.
The jelly quivers.
Found a stone staircase leading down.
Enter note:
Enter note: You shoot a sling bullet.
The sling bullet hits the jelly.
The jelly is moderately wounded.
You shoot a sling bullet.
The sling bullet barely misses the jelly.
You shoot a sling bullet. The sling bullet hits the jelly.
The jelly is heavily wounded.
You shoot a sling bullet. The sling bullet hits the jelly.
The jelly is severely wounded.
The jelly hits you but does no damage.
You shoot a sling bullet. The sling bullet hits the jelly.
You kill the jelly!
You have reached level 5!
There is an open door here.
There is a stone staircase leading down here.
Edmund the Younger comes into view.
He is wielding a +2 heavy dire flail.
Edmund shouts!
Enter note:
Enter note:
Enter note:
Enter note:
Enter note: You shoot a sling bullet.
The sling bullet hits Edmund.
Edmund is lightly wounded.
You shoot a sling bullet. The sling bullet closely misses Edmund.
You shoot a sling bullet. The sling bullet hits Edmund.
Edmund is moderately wounded.
Edmund hits you with a +2 heavy dire flail!!
Ouch! That really hurt!
You shoot a sling bullet. The sling bullet barely misses Edmund.
Edmund hits you with a +2 heavy dire flail!
You die...

#.# #.##.#
#.##.# #.##.#
##
#.##.####...
#.##........
#.##........
##.##........
#....@.......
######@......
.......
.......
.......
.......
.......
#######


You could see Edmund.

Vanquished Creatures
  A jelly (D:4)
  2 adders
  3 worms
  3 dart slugs
  2 orcs (D:3)
  7 endoplasms
  4 giant cockroaches
  5 goblins
  4 hobgoblins
  3 quokkas (D:2)
  5 ball pythons
  6 bats
  2 frilled lizards
  6 kobolds
  11 rats
64 creatures vanquished.

Notes
Turn   | Place    | Note
-------+----------+-------------------------------------------
     0 | D:1      | qw the Gargoyle Hexslinger began the quest for the Orb.
     0 | D:1      | Reached XP level 1. HP: 12/12 MP: 2/2
     0 | D:1      | 0 ||| qw: Version: 0.3-a-52-g30416fa
     0 | D:1      | 0 ||| qw: Game counter: 5050
     0 | D:1      | 0 ||| qw: Melee chars always use a shield: true
     0 | D:1      | 0 ||| qw: God list: Okawaru
     0 | D:1      | 0 ||| qw: Allow faded altars: false
     0 | D:1      | 0 ||| qw: Do Orc after clearing Dungeon:15 true
     0 | D:1      | 0 ||| qw: Do second Lair branch before Depths: true
     0 | D:1      | 0 ||| qw: Lair rune preference: random
     0 | D:1      | 0 ||| qw: Goals: Normal
     0 | D:1      | 0 ||| PLANNING D:1-11
   195 | D:1      | Reached XP level 2. HP: 16/16 MP: 3/3
   370 | D:1      | Reached skill level 3 in Ranged Weapons
   750 | D:1      | Reached XP level 3. HP: 21/21 MP: 4/4
   810 | D:1      | 810 ||| UPGRADING to +0 leather armour.
   820 | D:1      | 820 ||| DROPPING +0 robe.
   821 | D:1      | 821 ||| UPGRADING to +0 pair of boots.
   826 | D:1      | 826 ||| UPGRADING to +0 helmet.
   831 | D:1      | 831 ||| DROPPING ring of flight.
   832 | D:1      | 832 ||| READING scroll labelled WINABEERASS.
   833 | D:1      | 833 ||| READING scroll labelled UMOYZA NUSCHE.
   834 | D:1      | 834 ||| READING 2 scrolls labelled HONUEJ NAIDU.
   838 | D:1      | 838 ||| READING scroll labelled YPEM BY AFAE.
   839 | D:1      | 839 ||| DROPPING scroll of poison.
  1331 | D:2      | Reached XP level 4. HP: 24/26 MP: 5/5
  1420 | D:2      | Found a shimmering altar of Xom.
  1682 | D:2      | 1682 ||| UPGRADING to +0 ring mail.
  1692 | D:2      | 1692 ||| UPGRADING to +0 pair of gloves.
  1697 | D:2      | 1697 ||| DROPPING +0 leather armour.
  1698 | D:2      | 1698 ||| READING 3 scrolls labelled SYIMAUGHAU.
  1699 | D:2      | 1699 ||| READING scroll labelled GEUDOX GODA.
  1700 | D:2      | 1700 ||| DRINKING 3 yellow potions.
  1701 | D:2      | 1701 ||| READING 2 scrolls of identify.
  1701 | D:2      | 1701 ||| IDENTIFYING puce potion
  1702 | D:2      | 1702 ||| DROPPING potion of berserk rage.
  1864 | D:3      | Found a sacrificial altar of Ru.
  1979 | D:3      | Reached skill level 1 in Armour
  2127 | D:3      | Reached skill level 4 in Ranged Weapons
  2128 | D:3      | Found a faded altar of an unknown god.
  2288 | D:3      | 2288 ||| READING 3 scrolls of identify.
  2288 | D:3      | 2288 ||| IDENTIFYING dark potion
  2289 | D:3      | 2289 ||| READING 2 scrolls of identify.
  2289 | D:3      | 2289 ||| IDENTIFYING inky potion
  2290 | D:3      | 2290 ||| DROPPING potion of brilliance.
  2339 | D:4      | 2339 ||| STAIRDANCE
  2359 | D:4      | Identified the +1 leather armour "Jutacet" {rPois rF- Int+5
                  | Dex-2}
  2566 | D:4      | Reached XP level 5. HP: 30/30 MP: 6/6
  2629 | D:4      | Noticed Edmund
  2633 | D:4      | Slain by Edmund

Levels and vault maps discovered:
D:1:      evilmike_arrival_plus, layout_basic
D:2:      layout_basic, basic_altar, minmay_pentomino_z4
D:3:      layout_basic, marbit_many_paths, basic_ecumenical_altar,
          serial_bayou_lagoon_a, kennysheep_generic_room_3
D:4:      layout_basic, temple_doors_e, uniq_robin, uniq_grinder, uniq_edmund

Skill      XL: |  1  2  3  4 |
---------------+-------------+-----
Ranged Weapons | 3 4 |  4.6
Fighting       | 2 |  2.1
Armour         | 1 |  1.0
Dodging        | |  1.5
Spellcasting   | |  1.0
Hexes          | |  2.6

Action                     |  1- 3 |  4- 6 || total
---------------------------+-------+-------++-------
   Fire: Sling             |   130 |    90 ||   220
    Use: Scroll            |     4 |     5 ||     9
         Potion            |       |     1 ||     1
 Armour: Robe              |     6 |       ||     6
         Leather armour    |    19 |     1 ||    20
         Ring mail         |       |    21 ||    21
  Dodge: Dodged            |    21 |    28 ||    49

Table legend:
 A = Non-vault XP
 B = Vault XP
 C = Vault XP percentage of total XP
 D = Non-vault monster count
 E = Vault monster count
 F = Vault count percentage of total count
                 A         B        C        D         E       F
            +---------+---------+-------+---------+---------+-------
      Total |     167 |      20 |  10.7 |      60 |       4 |   6.2
            +---------+---------+-------+---------+---------+-------
        D:1 |      34 |       0 |   0.0 |      21 |       0 |   0.0
        D:2 |      41 |      17 |  29.3 |      22 |       3 |  12.0
        D:3 |      37 |       3 |   7.5 |      12 |       1 |   7.7
        D:4 |      55 |       0 |   0.0 |       5 |       0 |   0.0
            +---------+---------+-------+---------+---------+-------
